[Event "Early-Titled-Tuesday-Blitz-October-10-2023"]
[Site "Chess.com"]
[Date "2023.10.10"]
[Round "2"]
[White "Chessdreamer2020"]
[Black "seopie"]
[Result "0-1"]
[WhiteElo "2544"]
[BlackElo "2770"]
[TimeControl "180+1"]
[EndTime "8:16:56 PDT"]
[Termination "seopie won by checkmate"]

1. e4 c5 2. Nf3 Nc6 3. Bb5 g6 4. O-O Bg7 5. c3 e5 6. d4 cxd4 7. cxd4 exd4 8. Bf4 Nge7 9. Bd6 a6 10. Bd3 O-O 11. Nbd2 b5 12. a4 bxa4 13. Rxa4 Bb7 14. Re1 Re8 15. e5 Nc8 16. Bc5 Nb6 17. Ra1 Nxe5 18.
Nxe5 Rxe5 19. Rxe5 Bxe5 20. Nf3 Bxf3 21. Qxf3 Rc8 22.
Bb4 d6 23. Ba5 Qc7 24. h4 Qc5 25. h5 Nc4 26. hxg6 hxg6 27. Be1 Nxb2 28. Bxa6 Re8 29. Bb7 d3 30. Bd5 Qc7 31. Ba5 Qe7 32. Rc1 Qf6 33.
Qg4 Bf4 34. Rc7 d2 35. Rd7 Re1# 0-1

[Event "Early-Titled-Tuesday-Blitz-October-10-2023"]
[Site "Chess.com"]
[Date "2023.10.10"]
[Round "2"]
[White "Let_it_be_1"]
[Black "sofaceindisguise"]
[Result "0-1"]
[WhiteElo "2560"]
[BlackElo "2817"]
[TimeControl "180+1"]
[EndTime "8:16:59 PDT"]
[Termination "sofaceindisguise won by resignation"]

1. e4 c5 2. Nf3 e6 3. d4 cxd4 4. Nxd4 a6 5. Nc3 Qc7 6. Be2 b5 7. Bf3 Bb7 8. O-O Bc5 9. Re1 Nc6 10. Be3 Ne5 11. Be2 Nf6 12. f4 Nc6 13. e5 Nxd4 14.
Bxd4 Nd5 15. Ne4 Ne3 16. Bxc5 Nxd1 17. Nd6+ Kf8 18. Nxb7+ Kg8 19. Raxd1 Qxb7 20. Bf3 Qc8 21. Bxa8 Qxc5+ 22. Kh1 g6 23. c3 Kg7 24. Bb7 Qb6 25.
Rxd7 Rd8 26. Rxd8 Qxd8 27. Bf3 Qd2 28. Rd1 Qxb2 29. h3 Qxa2 30. Rd7 Qa1+ 31. Kh2 Qxc3 32. Ra7 Qd4 33. Rb7 Qxf4+ 34. Kg1 Qxe5 0-1

[Event "Early-Titled-Tuesday-Blitz-October-10-2023"]
[Site "Chess.com"]
[Date "2023.10.10"]
[Round "2"]
[White "F-Ghaith2021"]
[Black "BeautiFullMindChess"]
[Result "1-0"]
[WhiteElo "2508"]
[BlackElo "2279"]
[TimeControl "180+1"]
[EndTime "8:16:59 PDT"]
[Termination "F-Ghaith2021 won on time"]

1. e4 c5 2. Nf3 d6 3. d4 cxd4 4.
Nxd4 Nf6 5. Nc3 a6 6. Bg5 e6 7. f4 Be7 8. Qf3 Qc7 9. O-O-O Nbd7 10. Bd3 h6 11. Bh4 g5 12. fxg5 Ne5 13. Qe2 Nfg4 14. h3 hxg5 15. Bg3 Nf6 16. Kb1 Bd7 17. Rhf1 O-O-O 18. Nf3 g4 19. Nxe5 dxe5 20. hxg4 Be8 21. Rf2 Nd7 22. Bc4 Kb8 23. Rff1 Rg8 24. Bb3 Nf6 25.
Rxd8+ Bxd8 26. Qc4 Nxg4 27. Qd3 f6 28. Rd1 Bd7 29. Qxd7 Qxd7 30. Rxd7 Ne3 31. Bf2 1-0

[Event "Early-Titled-Tuesday-Blitz-October-10-2023"]
[Site "Chess.com"]
[Date "2023.10.10"]
[Round "2"]
[White "Gyulamiryan-koryun"]
[Black "JohnnyAnto"]
[Result "0-1"]
[WhiteElo "2015"]
[BlackElo "2426"]
[TimeControl "180+1"]
[EndTime "8:17:02 PDT"]
[Termination "JohnnyAnto won on time"]

1. e4 c5 2. Be2 Nc6 3. f4 d5 4. d3 g6 5. Nf3 Bg7 6. c3 Bg4 7. O-O d4 8. c4 e5 9. h3 Bxf3 10.
Bxf3 exf4 11. Bxf4 Nge7 12. Qd2 h6 13. a3 a5 14. Qe2 Ne5 15. Nd2 Qb6 16. Rab1 N7c6 17. Rf2 O-O 18. b3 Rae8 19. Rbf1 a4 20. bxa4 Qb2 21.
Rb1 Qxa3 22. Rxb7 Nxd3 23. Rf1 Nxf4 24. Qd1 Nb4 25. Nb1 Qd3 26. a5 Ra8 27. Rb5 Qxd1 28. Rxd1 Rfc8 29. e5 Ra7 30. Bb7 Rb8 31. a6 Nxa6 32.
Bxa6 Re8 33. Rb6 Rxe5 34. Bb5 Ra2 0-1

[Event "Early-Titled-Tuesday-Blitz-October-10-2023"]
[Site "Chess.com"]
[Date "2023.10.10"]
[Round "2"]
[White "Denis_Makhnyov"]
[Black "Mikhail_Golubev"]
[Result "1-0"]
[WhiteElo "2957"]
[BlackElo "2610"]
[TimeControl "180+1"]
[EndTime "8:17:05 PDT"]
[Termination "Denis_Makhnyov won on time"]

1. f4 Nf6 2. Nf3 Nc6 3. g3 d6 4. Bg2 e5 5. d3 e4 6. dxe4 Nxe4 7.
Nbd2 Nxd2 8. Bxd2 d5 9. Bc3 Bf5 10. Nd4 Be4 11. Bxe4 dxe4 12. Nf5 f6 13. e3 Qd7 14.
Qxd7+ Kxd7 15. g4 Re8 16. h4 Rg8 17. a3 g6 18. Ng3 Bc5 19. Ke2 Rgf8 20. h5 f5 21. Rad1+ Kc8 22. hxg6 hxg6 23. gxf5 gxf5 24. Rd5 Rg8 25. Rh3 1-0

[Event "Early-Titled-Tuesday-Blitz-October-10-2023"]
[Site "Chess.com"]
[Date "2023.10.10"]
[Round "2"]
[White "GlavkonVVS"]
[Black "BahadirOzen"]
[Result "0-1"]
[WhiteElo "2554"]
[BlackElo "2805"]
[TimeControl "180+1"]
[EndTime "8:17:06 PDT"]
[Termination "BahadirOzen won by resignation"]

1. Nf3 g6 2. g3 Bg7 3. Bg2 Nf6 4. O-O O-O 5. d3 d5 6. Nbd2 Nbd7 7. c4 c6 8. a3 a5 9. Rb1 e5 10. Qc2 Re8 11. e4 dxe4 12. dxe4 Nc5 13. b4 axb4 14. axb4 Qd3 15. Qxd3 Nxd3 16. b5 Bh6 17. bxc6 bxc6 18. Rb3 Nxc1 19. Rxc1 Nd7 20. Rcb1 f6 21. Rd3 Bf8 22. Nb3 Rb8 23. Rdd1 Nc5 24. Nxc5 Rxb1 25. Rxb1 Bxc5 26. Bf1 Be6 27. Bd3 Rd8 28. Rb3 Bh3 29.
Be2 Ra8 30. Bf1 Bxf1 31. Kxf1 Ra2 32. Rb8+ Kf7 33. Rb7+ Ke6 34. Nh4 Rxf2+ 35. Ke1 Rxh2 36. Rxh7 g5 37. Rc7 Bb4+ 38. Kf1 gxh4 39. Rxc6+ Kd7 40. Rxf6 hxg3 41. Rg6 Rf2+ 42. Kg1 Bc5 43. Rxg3 Rf3+ 44. Kg2 Rxg3+ 45. Kxg3 Kd6 46. Kg4 Bd4 47. Kf5 Kc5 0-1

[Event "Early-Titled-Tuesday-Blitz-October-10-2023"]
[Site "Chess.com"]
[Date "2023.10.10"]
[Round "2"]
[White "fugadelafuga"]
[Black "Maxterlopez"]
[Result "0-1"]
[WhiteElo "2393"]
[BlackElo "2788"]
[TimeControl "180+1"]
[EndTime "8:17:06 PDT"]
[Termination "Maxterlopez won by resignation"]

1. e4 e5 2. Nf3 Nc6 3. Bc4 Bc5 4. c3 Nf6 5. d3 d6 6. Nbd2 a6 7. a4 Ba7 8. O-O O-O 9. h3 h6 10. Re1 Ne7 11. Nf1 c6 12. Ng3 Ng6 13. Nf5 d5 14.
Bb3 dxe4 15. dxe4 Qxd1 16. Bxd1 Nxe4 17. Nxh6+ gxh6 18. Rxe4 f5 19. Re1 e4 20. Nd4 Kh7 21.
Bb3 Re8 22. Bf7 Re7 23. Bxg6+ Kxg6 24. Bf4 c5 25. Nf3 Be6 26. Bd6 Ree8 27. Ne5+ Kf6 28.
Rad1 Bb3 29. Rd2 Rxe5 30. Bxe5+ Kxe5 31. Rd7 Rb8 32. a5 Be6 33. Rh7 c4 34. Rxh6 Rd8 35. Rh5 Rd2 36. Rf1 Rxb2 37. g4 b5 38. axb6 Bxb6 39.
g5 e3 40. fxe3 Bxe3+ 0-1

[Event "Early-Titled-Tuesday-Blitz-October-10-2023"]
[Site "Chess.com"]
[Date "2023.10.10"]
[Round "2"]
[White "Sergey85Rodchenkov"]
[Black "Efremov_Vlad"]
[Result "0-1"]
[WhiteElo "2499"]
[BlackElo "2314"]
[TimeControl "180+1"]
[EndTime "8:17:06 PDT"]
[Termination "Efremov_Vlad won by resignation"]

1. e4 c5 2. Nf3 d6 3. d4 cxd4 4.
Nxd4 Nf6 5. Nc3 a6 6. Be3 e5 7.
Nb3 Be6 8. f3 Be7 9. Qd2 O-O 10.
O-O-O Nbd7 11. g4 b5 12. g5 Nh5 13. a3 Rc8 14. Kb1 Nb6 15. Nc1 Qc7 16. N1a2 Qb7 17. Nb4 Nf4 18. Bxf4 exf4 19. Qxf4 Rxc3 20. bxc3 Na4 21.
Rd3 Rc8 22. Qd2 Bc4 23. Nd5 Bxd5 24. exd5 Qc7 25. Bh3 Nxc3+ 26. Kc1 Qc5 27. Kb2 Na4+ 28. Ka2 Bxg5 29. Qe2 Qxc2+ 30. Qxc2 Rxc2+ 31. Ka1 Rb2 32.
Re1 g6 33. Re8+ Kg7 34. Rd4 Bf6 35. Rd1 Rxh2+ 0-1

[Event "Early-Titled-Tuesday-Blitz-October-10-2023"]
[Site "Chess.com"]
[Date "2023.10.10"]
[Round "2"]
[White "Sharan_Rao"]
[Black "emeli_chess"]
[Result "1/2-1/2"]
[WhiteElo "2596"]
[BlackElo "2363"]
[TimeControl "180+1"]
[EndTime "8:17:08 PDT"]
[Termination "Game drawn by repetition"]

1. d4 Nf6 2. c4 e6 3. Nf3 d5 4. cxd5 exd5 5. Bg5 Bb4+ 6. Nc3 h6 7. Bxf6 Qxf6 8. e3 O-O 9. Bd3 c5 10. O-O Bxc3 11.
bxc3 c4 12. Be2 Bf5 13. Ne5 Nd7 14. f4 Qd6 15. Bf3 Nf6 16. Qa4 Be4 17. Bxe4 Nxe4 18.
Qc2 b5 19. Rab1 Rab8 20. Rb2 f6 21. Ng6 Rf7 22. Rfb1 Rfb7 23. Nh4 a5 24. Nf5 Qd7 25.
Ng3 f5 26. Nxe4 fxe4 27. Qd2 Qc6 28. Qe1 b4 29. cxb4 c3 30. b5 Rxb5 31. Rxb5 Rxb5 32.
Rxb5 Qxb5 33. Qxc3 Qb1+ 34. Kf2 Qxa2+ 35. Kg3 Qe2 36.
Qc8+ Kh7 37. Qf5+ Kh8 38. Qf8+ Kh7 39. Qf5+ Kh8 40. Qxd5 Qxe3+ 41. Kg4 Qe2+ 42. Kh3 Qd3+ 43. g3 e3 44. Qe5 Qf1+ 45. Kh4 e2 46. Qe8+ Kh7 47. Qe4+ Kh8 48. Qe8+ Kh7 49. Qe4+ Kh8 50. Qe8+ 1/2-1/2

[Event "Early-Titled-Tuesday-Blitz-October-10-2023"]
[Site "Chess.com"]
[Date "2023.10.10"]
[Round "2"]
[White "DanyKopy"]
[Black "Vaathi_Coming"]
[Result "0-1"]
[WhiteElo "2588"]
[BlackElo "2884"]
[TimeControl "180+1"]
[EndTime "8:17:10 PDT"]
[Termination "Vaathi_Coming won on time"]

1. d4 Nf6 2. Nf3 e6 3. c4 c5 4.
d5 exd5 5. cxd5 g6 6. Nc3 Bg7 7. e4 d6 8. Be2 O-O 9. O-O Bg4 10. Nd2 Bxe2 11. Qxe2 Re8 12. Nc4 Na6 13. Bf4 Nh5 14. Bd2 Nc7 15. Qd3 b5 16. Na5 c4 17. Qf3 a6 18.
Nc6 Qd7 19. Rfe1 Kh8 20. Nd1 f5 21. exf5 Rxe1+ 22. Bxe1 Qxf5 23. Qxf5 gxf5 24. Bb4 Nxd5 25. Bxd6 Re8 26. Kf1 Re6 27. Nd8 Re8 28. Nf7+ Kg8 29. Ng5 Nhf6 30. Nc3 Nxc3 31. bxc3 Nd5 32. a4 b4 33. Rd1 Nxc3 0-1

[Event "Early-Titled-Tuesday-Blitz-October-10-2023"]
[Site "Chess.com"]
[Date "2023.10.10"]
[Round "2"]
[White "guillembaches"]
[Black "ZeGood_ZeBad_ZeUgly"]
[Result "1/2-1/2"]
[WhiteElo "2513"]
[BlackElo "2323"]
[TimeControl "180+1"]
[EndTime "8:17:10 PDT"]
[Termination "Game drawn by repetition"]

1. d4 d5 2. Nf3 Nf6 3. Bg5 h6 4.
Bh4 Bf5 5. e3 e6 6. Bd3 Nbd7 7.
O-O Be7 8. Bxf5 exf5 9. Qd3 Ne4 10.
Bxe7 Qxe7 11. c4 c6 12. cxd5 cxd5 13. Nc3 Nxc3 14. Qxc3 O-O 15. Rac1 Nf6 16. Ne5 Ne4 17.
Qc7 Qb4 18. Rc2 f6 19. Nd3 Qb5 20. Nf4 Rf7 21. Rc5 Nxc5 22. Qxc5 Qxc5 23. dxc5 Rc8 24. b4 a5 25. a3 Rd7 26. Rd1 Kf7 27. Rd4 b6 28.
Nd3 axb4 29. axb4 bxc5 30. Nxc5 Rd6 31. g3 Rb8 32. h4 g5 33. Kg2 g4 34. Nd3 Rb5 35. Rf4 Kg6 36. Rd4 Kf7 37. Rf4 Kg6 38. Rd4 Kf7 1/2-1/2

[Event "Early-Titled-Tuesday-Blitz-October-10-2023"]
[Site "Chess.com"]
[Date "2023.10.10"]
[Round "2"]
[White "KamlaPasand"]
[Black "KejJaj"]
[Result "1-0"]
[WhiteElo "2465"]
[BlackElo "2191"]
[TimeControl "180+1"]
[EndTime "8:17:13 PDT"]
[Termination "KamlaPasand won by resignation"]

1. e4 c5 2. Nf3 d6 3. d4 cxd4 4. Nxd4 Nf6 5. Nc3 g6 6. Be3 Bg7 7. f3 O-O 8. Bc4 Nc6 9. Qd2 Nd7 10. O-O-O Nb6 11. Bb3 Na5 12. Qe2 Nxb3+ 13. cxb3 a5 14. Kb1 a4 15. bxa4 Nxa4 16. Nxa4 Rxa4 17. Nb3 Be6 18. Qb5 Qa8 19. a3 Bxb2 20. Kxb2 Rxa3 21.
Ra1 Ra6 22. f4 Rc8 23. f5 Bc4 24. Qb4 Bd3 25. Rhc1 Rxa1 26. Rxc8+ Qxc8 27. Nxa1 Qc6 28. fxg6 hxg6 29. Qc3 Qb5+ 30. Nb3 Bxe4 31. Bh6 Qe2+ 32. Nd2 f6 33. Qc8+ Kf7 34. Qf8+ Ke6 35. Qc8+ Ke5 36. g3 g5 37. Qc3+ Kf5 38. h4 Qh5 39.
hxg5 Bd5 40. Qd3+ Ke6 41. Qe3+ Kd7 42. gxf6 exf6 43. Bf4 Qf5 44. Qd4 Qg6 45. Qxd5 Kc8 46. Qxd6 1-0

[Event "Early-Titled-Tuesday-Blitz-October-10-2023"]
[Site "Chess.com"]
[Date "2023.10.10"]
[Round "2"]
[White "Politov_Pavel"]
[Black "Rozhkov_V"]
[Result "0-1"]
[WhiteElo "2042"]
[BlackElo "2428"]
[TimeControl "180+1"]
[EndTime "8:17:13 PDT"]
[Termination "Rozhkov_V won by checkmate"]

1. e4 e6 2. d4 d5 3. Nc3 Bb4 4. e5 c5 5. a3 Bxc3+ 6. bxc3 Ne7 7. Qg4 Qc7 8. Qxg7 Rg8 9. Qxh7 cxd4 10. Ne2 Nbc6 11. f4 dxc3 12. h4 Bd7 13. h5 O-O-O 14. Qd3 d4 15. Rg1 Rg4 16. g3 Nf5 17. Bh3 Rgg8 18. g4 Nfe7 19. Rb1 Kb8 20. g5 Nf5 21. Bxf5 exf5 22. Nxd4 Nxd4 23. Qxd4 Be6 24. Qf2 Ba2 25. Rb4 Qd7 26. Ke2 a5 27. Rb6 Qd5 28. Be3 Bc4+ 29. Ke1 Qd1# 0-1

[Event "Early-Titled-Tuesday-Blitz-October-10-2023"]
[Site "Chess.com"]
[Date "2023.10.10"]
[Round "2"]
[White "Sanan_Sjugirov"]
[Black "Maksimus1998"]
[Result "1-0"]
[WhiteElo "2953"]
[BlackElo "2608"]
[TimeControl "180+1"]
[EndTime "8:17:14 PDT"]
[Termination "Sanan_Sjugirov won by resignation"]

1. d4 Nf6 2. Nf3 e6 3. Bf4 d5 4.
e3 Bd6 5. Nbd2 O-O 6. c3 Bxf4 7.
exf4 b6 8. h4 c5 9. h5 h6 10. a3 Qd6 11. g3 Ba6 12. Bxa6 Nxa6 13. Kf1 Nb8 14. Kg2 Nc6 15. Qe2 Rac8 16. Qd3 Rc7 17. Rad1 cxd4 18. Nxd4 Nxd4 19. Qxd4 Rfc8 20.
Qd3 Qc6 21. Nf3 Ne4 22. Nd4 Qc5 23. g4 Qd6 24. Qe3 a6 25. Rhe1 Qe7 26. f3 Nd6 27.
Qe2 b5 28. f5 Nc4 29. fxe6 fxe6 30. Nxe6 Rc6 31. Nf4 1-0

[Event "Early-Titled-Tuesday-Blitz-October-10-2023"]
[Site "Chess.com"]
[Date "2023.10.10"]
[Round "2"]
[White "Dacean99"]
[Black "Vision_64"]
[Result "1-0"]
[WhiteElo "2592"]
[BlackElo "2348"]
[TimeControl "180+1"]
[EndTime "8:17:15 PDT"]
[Termination "Dacean99 won on time"]

1. d4 d5 2. Nf3 e6 3. c4 Nf6 4. Nc3 c6 5. e3 dxc4 6. Bxc4 b5 7. Bd3 Nbd7 8. O-O a6 9. a4 b4 10. Ne2 Bb7 11. Qc2 Bd6 12. e4 Be7 13. Ng3 c5 14. e5 Nd5 15. Nh5 Kf8 16. dxc5 Nxc5 17. Bxh7 b3 18.
Qb1 Nb4 19. Be3 Bxf3 20. gxf3 Qd5 21. Ng3 Qxf3 22. Be4 Qg4 23. Bxa8 Qh3 24. Rd1 Qxh2+ 25. Kf1 Bh4 26. Rd8+ Bxd8 27. Bxc5+ Be7 28. Bxe7+ Kxe7 29. Qe4 Qh3+ 30. Ke2 Nc2 31. Rd1 1-0

[Event "Early-Titled-Tuesday-Blitz-October-10-2023"]
[Site "Chess.com"]
[Date "2023.10.10"]
[Round "2"]
[White "Amirreza_p"]
[Black "lilleper1"]
[Result "0-1"]
[WhiteElo "2587"]
[BlackElo "2878"]
[TimeControl "180+1"]
[EndTime "8:17:16 PDT"]
[Termination "lilleper1 won by resignation"]

1. d4 Nf6 2. Bf4 Nh5 3. Bc1 Nf6 4. Bf4 d6 5. Nc3 d5 6. e3 e6 7. Nf3 a6 8. Bd3 c5 9. O-O Nc6 10. dxc5 Bxc5 11. e4 d4 12. Ne2 Nd7 13. e5 Qc7 14. Re1 Ndxe5 15. Nxe5 Nxe5 16. Nxd4 Bxd4 17. Bb5+ axb5 18.
Qxd4 f6 19. Rxe5 fxe5 20. Bxe5 Qc4 21. Qe3 Qg4 22. Qc5 Bd7 23. Re1 Bc6 24. f3 Qf5 25.
Qb4 Rd8 26. h4 h5 27. Bxg7 Rg8 28. Re5 Qf7 29. Bh6 Rxg2+ 30. Kh1 Rd1+ 0-1

[Event "Early-Titled-Tuesday-Blitz-October-10-2023"]
[Site "Chess.com"]
[Date "2023.10.10"]
[Round "2"]
[White "RianKapriaga"]
[Black "almaguerjm"]
[Result "0-1"]
[WhiteElo "2299"]
[BlackElo "2517"]
[TimeControl "180+1"]
[EndTime "8:17:17 PDT"]
[Termination "almaguerjm won on time"]

1. d4 Nf6 2. Nf3 e6 3. e3 c5 4. Bd3 b6 5. O-O Bb7 6. c4 Na6 7. Nc3 Nc7 8. b3 Be7 9. Bb2 O-O 10. Qe2 d5 11. cxd5 Nfxd5 12. Nxd5 Nxd5 13. dxc5 Bxc5 14. Rfd1 Qe7 15. a3 a5 16. h4 h6 17. g3 Rad8 18.
e4 Nf6 19. e5 Ng4 20. Rf1 Ba8 21. Be4 Rd5 22. b4 axb4 23. axb4 Bxb4 24. Rxa8 Rxa8 25.
Bxd5 exd5 26. Nd4 h5 27. e6 Bc5 28. exf7+ Qxf7 29. Qd3 Ne5 30. Qe2 Bxd4 31. Bxd4 Nf3+ 32. Kg2 Nxd4 33. Qd3 Nc6 34. Rd1 Rd8 35. Qb5 Ne5 36. f4 Nc4 37. Kh2 Qe6 0-1

[Event "Early-Titled-Tuesday-Blitz-October-10-2023"]
[Site "Chess.com"]
[Date "2023.10.10"]
[Round "2"]
[White "zimmm36"]
[Black "pirulillo"]
[Result "1-0"]
[WhiteElo "2671"]
[BlackElo "2351"]
[TimeControl "180+1"]
[EndTime "8:17:19 PDT"]
[Termination "zimmm36 won on time"]

1. e4 c5 2. Nf3 e6 3. d4 cxd4 4.
Nxd4 Nf6 5. Nc3 Nc6 6. Be2 d6 7. Be3 Be7 8. Qd2 O-O 9. O-O-O a6 10. f4 Qc7 11. Nxc6 Qxc6 12. Bf3 e5 13. f5 b5 14. a3 a5 15. Nd5 Nxd5 16. Qxd5 Qxd5 17. Rxd5 Bd7 18.
Rhd1 Bc6 19. Rxd6 Bxd6 20. Rxd6 Rac8 21. Bb6 a4 22. c3 f6 23. Kd2 Rf7 24. Ke3 Rd7 25.
Re6 Kf7 26. Ba5 Ra7 27. Bb4 Rd7 28. h4 Rb7 29. g4 Rbc7 30. g5 Bd7 31. Bh5+ Kg8 32.
gxf6 Bxe6 33. fxe6 gxf6 34. e7 Rd7 35. Bg4 Kg7 36.
Bxd7 Rb8 37. e8=Q 1-0

[Event "Early-Titled-Tuesday-Blitz-October-10-2023"]
[Site "Chess.com"]
[Date "2023.10.10"]
[Round "2"]
[White "TheoSlade"]
[Black "dropstoneDP"]
[Result "0-1"]
[WhiteElo "2509"]
[BlackElo "3059"]
[TimeControl "180+1"]
[EndTime "8:17:19 PDT"]
[Termination "dropstoneDP won by resignation"]

1. d4 Nf6 2. c4 g6 3. Nc3 d5 4. cxd5 Nxd5 5. e4 Nxc3 6. bxc3 Bg7 7. Bc4 c5 8. Ne2 O-O 9. O-O Nc6 10. Be3 b6 11.
Rc1 Bb7 12. Bb5 Rc8 13. Bxc6 Rxc6 14. d5 Rd6 15. c4 f5 16. exf5 Rxf5 17. Ng3 Rf8 18.
Ne4 Rd7 19. Ng5 Rf6 20. Qa4 Qc8 21. Ne6 Ba8 22. Rfe1 Rxe6 23. dxe6 Rd6 24. Bf4 Bc6 25. Qxa7 Rxe6 26. Rxe6 Qxe6 27. Qxb6 Qe4 28. Qb8+ Kf7 29. f3 Bd4+ 30. Kh1 Qxf3 31. Rg1 Qf2 32. Qb1 Ke8 33. Bg3 Qe2 34. Qb8+ Kf7 35. Qf4+ Kg7 36. a3 Bxg2+ 37. Rxg2 Qd1+ 0-1

[Event "Early-Titled-Tuesday-Blitz-October-10-2023"]
[Site "Chess.com"]
[Date "2023.10.10"]
[Round "2"]
[White "Treasurechess777"]
[Black "adotand"]
[Result "0-1"]
[WhiteElo "2400"]
[BlackElo "2858"]
[TimeControl "180+1"]
[EndTime "8:17:19 PDT"]
[Termination "adotand won on time"]

1. Nf3 Nf6 2. b3 a5 3. a3 e6 4. Bb2 d5 5. e3 Bd6 6. d4 O-O 7. Bd3 b6 8. Nbd2 Ba6 9. c4 Nbd7 10. Qc2 c5 11. Ne5 h6 12. O-O Bxe5 13. dxe5 Ne8 14. f4 Nc7 15. Rad1 b5 16. Rf3 a4 17. cxb5 Bxb5 18. Bxb5 Nxb5 19. bxa4 Nc7 20. f5 Qh4 21. Rf4 Qd8 22. f6 g6 23. Rg4 Kh7 24. Nf3 d4 25.
exd4 Nd5 26. Qf2 Rxa4 27. Qh4 N7xf6 28. exf6 Qxf6 29. Ng5+ Kg7 30. Rf1 hxg5 31. Qg3 Nf4 32. Rgxf4 gxf4 33. Rxf4 Qd8 34. dxc5+ Kg8 35. Rxa4 Qd1+ 36.
Kf2 Qc2+ 37. Kg1 Qd1+ 38. Kf2 Qxa4 39. Qe5 Qc2+ 40. Kf1 Qf5+ 41. Kg1 f6 42. Qxf5 gxf5 0-1

[Event "Early-Titled-Tuesday-Blitz-October-10-2023"]
[Site "Chess.com"]
[Date "2023.10.10"]
[Round "2"]
[White "N4700000"]
[Black "Agibileg"]
[Result "0-1"]
[WhiteElo "2400"]
[BlackElo "2694"]
[TimeControl "180+1"]
[EndTime "8:17:21 PDT"]
[Termination "Agibileg won by resignation"]

1. e4 e5 2. Nf3 Nc6 3. Bc4 Nf6 4.
d3 Bc5 5. c3 d6 6. O-O a5 7. a4 Ba7 8. Nbd2 O-O 9. h3 Be6 10.
Bb5 Ne7 11. d4 exd4 12. Nxd4 Bd7 13. Kh1 Ng6 14. f4 Bxd4 15. cxd4 Bxb5 16. axb5 Qe8 17.
f5 Nh8 18. Qe2 Nd7 19. Nf3 f6 20. d5 Nc5 21. Re1 a4 22. Ra3 Nb3 23. Qc4 Nf7 24. Rxa4 Rxa4 25. Qxa4 Nc5 26. Qc2 Qxb5 27. Nd4 Qb4 28. Qd2 Qxd2 29. Bxd2 Ra8 30. Ne6 Nd3 31. Rb1 c6 32. Bc3 Nfe5 33. Rd1 Nf2+ 0-1

[Event "Early-Titled-Tuesday-Blitz-October-10-2023"]
[Site "Chess.com"]
[Date "2023.10.10"]
[Round "2"]
[White "Fandorine"]
[Black "fu24"]
[Result "0-1"]
[WhiteElo "2915"]
[BlackElo "2622"]
[TimeControl "180+1"]
[EndTime "8:17:24 PDT"]
[Termination "fu24 won by resignation"]

1. b3 b6 2. e4 Bb7 3. Nc3 e6 4. Bb2 d5 5. exd5 exd5 6. Qe2+ Qe7 7. O-O-O Qxe2 8. Ngxe2 Nd7 9. Nb5 Kd8 10. d4 Ngf6 11.
f3 c6 12. Nbc3 Bd6 13. g4 Kc7 14. Ng3 g6 15. Kb1 h5 16. g5 h4 17. Nge2 Nh5 18. Bh3 Rae8 19. Bc1 b5 20. Rde1 Bc8 21. Bg4 Nf8 22. Bxh5 Rxh5 23. Nf4 Rxe1 24. Rxe1 Rxg5 25. Nd3 Rg2 26. Bf4 Bf5 27. Re7+ Nd7 28. Rxf7 Bxf4 29. Nxf4 Rxh2 30. Nce2 Rf2 31. Kb2 h3 32. Ng3 Rxf3 33.
Ne6+ Kd6 34. Nc5 Rxg3 0-1

[Event "Early-Titled-Tuesday-Blitz-October-10-2023"]
[Site "Chess.com"]
[Date "2023.10.10"]
[Round "2"]
[White "Iball95"]
[Black "JoliyRoger"]
[Result "1-0"]
[WhiteElo "2777"]
[BlackElo "2466"]
[TimeControl "180+1"]
[EndTime "8:17:25 PDT"]
[Termination "Iball95 won on time"]

1. e4 c6 2. d4 d5 3. exd5 cxd5 4. c4 Nf6 5. Nc3 e6 6. c5 Nc6 7. Bb5 Bd7 8. Nf3 Ne4 9. Qd3 f5 10. O-O Be7 11. Bxc6 Bxc6 12. Ne5 O-O 13. f3 Nxc3 14. Qxc3 Bf6 15. Re1 Rc8 16. b4 Qe8 17.
Bf4 Bb5 18. Qb3 Ba4 19. Qb2 Bb5 20. Bg3 g5 21. a4 Bxa4 22. Qa3 Bc6 23. Qxa7 f4 24.
Bf2 Ra8 25. Qb6 Rxa1 26. Rxa1 Bxe5 27. dxe5 Qd8 28. Qa7 h5 29. b5 Bxb5 30. Qxb7 Qd7 31. Qb6 Qc6 32. Qa5 Rc8 33. Rb1 Rb8 34. h3 Kf7 35. Qc3 Rb7 36. Qc2 Kg7 37. h4 Bc4 38. hxg5 Rxb1+ 39. Qxb1 Qb5 40. Qc1 Qb3 41. Qxf4 Qd1+ 42.
Kh2 Qd3 43. Qf6+ Kg8 44. Qxe6+ Kg7 45. Qf6+ Kg8 46. e6 Qh7 47. Bd4 Bb5 48. e7 Be8 49. c6 1-0

[Event "Early-Titled-Tuesday-Blitz-October-10-2023"]
[Site "Chess.com"]
[Date "2023.10.10"]
[Round "2"]
[White "kritipatel"]
[Black "Flaccidmoves"]
[Result "0-1"]
[WhiteElo "2116"]
[BlackElo "2448"]
[TimeControl "180+1"]
[EndTime "8:17:25 PDT"]
[Termination "Flaccidmoves won by checkmate"]

1. e4 g6 2. d4 Bg7 3. f4 d6 4.
Nf3 Nf6 5. Bd3 c5 6. c3 O-O 7. O-O cxd4 8. cxd4 Nc6 9. Kh1 Bg4 10. Be3 Nb4 11. Nc3 Nxd3 12. Qxd3 d5 13. e5 Bf5 14.
Qb5 Ne4 15. Nxd5 a6 16. Qb3 Be6 17. Qxb7 Bxd5 18. Qb4 Rb8 19. Qa3 Qd7 20. Rac1 Rfc8 21. Qxa6 Ra8 22. Rxc8+ Qxc8 23. Qb6 Rxa2 24. Rc1 Qa8 25.
b4 e6 26. b5 Ra1 27. Qc7 Rxc1+ 28. Qxc1 Bf8 29. b6 Qb7 30. Qb2 Be7 31. Ne1 Bd8 32.
Qb5 Bc6 33. Qb4 Qxb6 34. Qa3 Bd5 35. Nf3 Qb1+ 36. Bg1 Nf2# 0-1

[Event "Early-Titled-Tuesday-Blitz-October-10-2023"]
[Site "Chess.com"]
[Date "2023.10.10"]
[Round "2"]
[White "GMBenjaminBok"]
[Black "NovoselovRoman"]
[Result "1-0"]
[WhiteElo "3014"]
[BlackElo "2624"]
[TimeControl "180+1"]
[EndTime "8:17:26 PDT"]
[Termination "GMBenjaminBok won by resignation"]

1. d4 d5 2. c4 e6 3. Nc3 Nf6 4. cxd5 exd5 5. Bg5 Be7 6. e3 Nc6 7. Bd3 Nd7 8. Bf4 Nb6 9. Rc1 a6 10. h3 Be6 11. Nf3 Bd6 12. Bxd6 Qxd6 13. O-O h6 14.
Ne2 O-O 15. a3 Na5 16. Nf4 Nac4 17. Qc2 Bd7 18. b3 Nxa3 19. Qxc7 Qxc7 20. Rxc7 Bc6 21. Ne5 Rac8 22. Re7 Nb5 23. Nxc6 bxc6 24. Ra1 Ra8 25. Rb7 Rfb8 26. Rxb8+ Rxb8 27. Rxa6 Nc7 28. Ra7 Ne8 29. Ba6 Nd6 30. Nd3 Nbc8 31. Rc7 Rxb3 32. Rxc6 Rb6 33.
Rxc8+ Nxc8 34. Bxc8 Rb1+ 35. Kh2 Rb3 36. Nf4 Rb2 37.
Kg3 Rb5 38. Bd7 Ra5 39. Bc6 1-0

[Event "Early-Titled-Tuesday-Blitz-October-10-2023"]
[Site "Chess.com"]
[Date "2023.10.10"]
[Round "2"]
[White "salomez"]
[Black "subham777"]
[Result "1-0"]
[WhiteElo "2306"]
[BlackElo "2498"]
[TimeControl "180+1"]
[EndTime "8:17:26 PDT"]
[Termination "salomez won on time"]

1. d4 d5 2. Nc3 Nf6 3. Bf4 a6 4. e3 e6 5. Nf3 c5 6. Ne5 Be7 7.
g4 Qb6 8. Rb1 Nc6 9. g5 Nd7 10.
Nxd7 Bxd7 11. dxc5 Bxc5 12. Bg2 Ne7 13. O-O O-O 14.
e4 Ng6 15. Bg3 d4 16. Ne2 Bc6 17. Nc1 Rad8 18. Nd3 Be7 19. f4 Bb5 20. f5 exf5 21. exf5 Nh8 22. Qg4 f6 23. h4 Nf7 24. Rbe1 Rfe8 25.
Re6 Bd6 26. gxf6 g5 27. fxg6 Nh6 28. gxh7+ 1-0

[Event "Early-Titled-Tuesday-Blitz-October-10-2023"]
[Site "Chess.com"]
[Date "2023.10.10"]
[Round "2"]
[White "Tssunami"]
[Black "sokidze"]
[Result "0-1"]
[WhiteElo "2396"]
[BlackElo "2812"]
[TimeControl "180+1"]
[EndTime "8:17:28 PDT"]
[Termination "sokidze won by checkmate"]

1. d4 Nf6 2. c4 e6 3. Nf3 b6 4. a3 Bb7 5. Bg5 Be7 6. Nc3 O-O 7. Qc2 c5 8. dxc5 bxc5 9. e3 d6 10. Bd3 Nbd7 11. O-O Bxf3 12. gxf3 Ne5 13. Be2 Ng6 14. Kh1 Nd7 15. Bxe7 Qxe7 16. Rg1 Kh8 17. Rg3 f5 18. f4 Nf6 19. Rag1 Rab8 20. Bf3 Rf7 21. Qe2 Nh4 22. Rh3 Nxf3 23. Qxf3 Rxb2 24. Nb5 Ne4 25. Rg2 a6 26. Qh5 Rb1+ 27. Rg1 Nxf2+ 28. Kg2 Rxg1+ 29. Kxf2 g6 30. Qf3 Rc1 31. Qa8+ Kg7 32. Qxa6 Qb7 33. Qxd6 Rc2+ 34.
Kg3 Qg2+ 35. Kh4 Qg4# 0-1